 Dungeon Crawl Stone Soup version 0.28-a0-998-gb9e9c7b67e (webtiles) character file.

Game seed: 10580377529068542724

21 ytrimaz the Insei (level 2, -3/18 HPs)
             Began as an Octopode Transmuter on Dec 5, 2021.
             Slain by a gnoll (10 damage)
             ... on level 1 of the Dungeon.
             The game lasted 00:00:41 (505 turns).

ytrimaz the Insei (Octopode Transmuter)              Turns: 505, Time: 00:00:41

Health: -3/18      AC:  1    Str:  9    XL:     2   Next: 87%
Magic:  4/5        EV: 13    Int: 15    God:
Gold:   21         SH:  0    Dex: 12    Spells: 4/5 levels left

rFire   . . .      SeeInvis .     - Unarmed
rCold   . . .      Faith    .   (no shield)
rNeg    . . .      Spirit   .   (helmet currently unavailable)
rPois   .          Reflect  .   (no amulet)
rElec   .          Harm     .   (no ring)
rCorr   .          Rampage  .   (no ring)
Will    .....                   (no ring)
Stlth   ++........              (no ring)
HPRegen 0.06/turn               (no ring)
MPRegen 0.09/turn               (no ring)
                                (no ring)
                                (no ring)

@: appendages (expiring)
A: tentacle spike 3, almost no armour, amphibious, 8 rings, camouflage 1,
gelatinous body 1, (nimble swimmer 1), tentacles
a: End Transformation


You were on level 1 of the Dungeon.
One of your tentacles had grown a beastly spike.
You visited 1 branch of the dungeon, and saw 1 of its levels.

You collected 21 gold pieces.

Inventory:

Potions
 a - a potion of might {unknown}


   Skills:
 * Level 1.5 Fighting
 + Level 2.1 Dodging
 + Level 3.4 Unarmed Combat
 + Level 2.2 Spellcasting
 + Level 2.1 Transmutations


You had 4 spell levels left.
You knew the following spells:

 Your Spells              Type           Power      Damage    Failure   Level
a - Beastly Appendage     Tmut           16%        N/A       9%          1

Your spell library contained the following spells:

 Spells                   Type           Power      Damage    Failure   Level
 Wereblood                Tmut           8%         N/A       14%         2
 Spider Form              Tmut/Pois      4%         N/A       38%         3
 Ice Form                 Ice/Tmut       4%         N/A       80%         4


Dungeon Overview and Level Annotations

Branches:
Dungeon (1/15)

Altars:


Innate Abilities, Weirdness & Mutations

One of your tentacles has grown a beastly spike.
You cannot wear most types of armour.
You are amphibious.
You can wear up to eight rings at the same time.
Your skin changes colour to match your surroundings (Stealth+).
Your rubbery body absorbs attacks. (AC +1, EV +1)
((You are camouflaged near water. (Stealth+)))
You have tentacles for arms and can constrict up to eight enemies at once.


Message History

Your transformation is almost over.
Your tentacle spike disappears.
You open the door.
There is an open door here.
A bat comes into view.
A bat is nearby!
A bat is nearby!
A bat is nearby!
One of your tentacles grows a vicious spike.
A rat comes into view.
The bat closely misses you.
A gnoll comes into view. It is wielding a +0 flail.
The gnoll shouts!
The bat hits you but does no damage. The rat bites you.
The bat hits you but does no damage.
You barely miss the rat. You grab the rat.
You pierce the rat.
You kill the rat!
The bat closely misses you. The bat hits you but does no damage.
You see here a rat corpse.
The bat hits you but does no damage.
You barely miss the bat. You grab the bat. Your squeeze misses the bat.
Your transformation is almost over.
You constrict the bat. The bat hits you but does no damage.
The bat escapes!
The gnoll misses you.
You closely miss the bat. You grab the bat.
The bat is heavily wounded.
You constrict the bat. The bat closely misses you.
The bat escapes!
The gnoll closely misses you.
You closely miss the gnoll. Your grab misses the gnoll.
You pierce the gnoll.
The gnoll is heavily wounded.
The bat closely misses you. The gnoll hits you with a +0 flail!
Ouch! That really hurt!
You tentacle-slap the gnoll. Your grab misses the gnoll.
You tentacle-slap the gnoll.
The gnoll is almost dead.
The bat barely misses you. The bat misses you.
The gnoll hits you with a +0 flail!
Ouch! That really hurt!
You die...

.....# #.#
#........#...... .....#
#.# #.#......'...... ....
#.# .#.######...... #...
#.# .#.# #.........
#.########.#.# #.........
.
.........#.#.#...........
..
........................
..
......g..............#..
# #....b@†...# #.........
# .##.####.##..# ........
# .........##..# .....#..
# ..#.###..##.######.##
#.. # #..........#.# #..
###
#######.###......#.####..
...
.........................
#..
#######.........##.###...
... #..............'...


You could see a gnoll and a bat.

Vanquished Creatures
  2 dart slugs (D:1)
  An endoplasm (D:1)
  3 giant cockroaches (D:1)
  2 goblins (D:1)
  A hobgoblin (D:1)
  A kobold (D:1)
  A bat (D:1)
  2 frilled lizards (D:1)
  4 rats (D:1)
17 creatures vanquished.

Notes
Turn   | Place    | Note
-------+----------+-------------------------------------------
     0 | D:1      | ytrimaz the Octopode Transmuter began the quest for the
                  | Orb.
     0 | D:1      | Reached XP level 1. HP: 13/13 MP: 3/3
    86 | D:1      | Reached XP level 2. HP: 17/18 MP: 5/5
   505 | D:1      | Slain by a gnoll

Illustrated notes

Levels and vault maps discovered:
D:1:      lemuel_arrival_funnel, layout_basic

Action                   || total
-------------------------++-------
Melee: Unarmed           ||    41
       Kick              ||     9
       Tentacles         ||     7
       Constrict         ||    14
       Punch             ||     1
 Cast: Beastly Appendage ||     8
  Use: Scroll            ||     1
 Stab: Sleeping          ||     3
Armor: Skin              ||    10
Dodge: Dodged            ||    25

Table legend: (Time is in decaauts)
 A = Elapsed time spent in this place.
 B = Non-inter-level travel time spent in this place.
 C = Inter-level travel time spent in this place.
 D = Time resting spent in this place.
 E = Time spent auto-exploring this place.
 F = Levels seen in this place.
 G = Mean time per level.
                   A        B        C        D        E       F      G
               +--------+--------+--------+--------+--------+-----+--------+
         Total |    502 |    502 |      0 |      0 |    363 |   1 |  502.0 |
       Dungeon |    502 |    502 |      0 |      0 |    363 |   1 |  502.0 |
               +--------+--------+--------+--------+--------+-----+--------+

Top non-repeatable levels by time:
     D:1: 502 daAuts
